[Event "FIDE WCCC Girls-10 2024"]
[Site "Montesilvano"]
[Date "2024.11.20"]
[Round "6.19"]
[White "Khusnitdinova, Husnorakhon"]
[Black "Poliak, Margarita"]
[Result "1-0"]
[Annotator "NA RC"]
[ECO "B99"]
[WhiteElo "1626"]
[BlackElo "1514"]
[PlyCount "129"]
[EventDate "2024.11.18"]
[EventType "swiss"]
[EventCountry "ITA"]
[SourceTitle "playchess.com"]
[Source "ChessBase"]
[SourceQuality "1"]
[TimeControl "5400+30"]

1. e4 c5 2. Nf3 d6 3. d4 cxd4 4. Nxd4 Nf6 5. Nc3 a6 6. Bg5 e6 7. f4 Be7 8. Qf3 Qc7 9. O-O-O Nbd7 10. g4 b5 11. Bd3 Bb7 12. a3 Rc8 13. Bxf6 Nxf6 14. g5 Nd7 15. Qh5 Nc5 16. Rhe1 d5 17. e5 g6 18. Qf3 Nxd3+ 19. Rxd3 b4 20. axb4 Bxb4 21. Qe3 Bc6 22. Re2 Bc5 23. Kb1 Qb6 24. Qd2 Rb8 25. Nb3 a5 26. Qc1 Be7 27. Nd4 Bd7 28. Red2 a4 29. Nd1 a3 30. Rb3 Qa7 31. Rxb8+ Qxb8 32. Rd3 axb2 33. Qxb2 Qa7 34. Rb3 O-O 35. Rb7 Qa4 36. Ne2 Ba3 37. Nec3 Bxb2 38. Nxa4 Bxa4 39. Nxb2 Bc6 40. Rc7 Bb5 41. Nd1 Rb8 42. Kc1 Be2 43. Nc3 Bh5 44. Na2 Ra8 45. Kb2 Ra4 46. c4 dxc4 47. Nc3 Rb4+ 48. Kc2 Bg4 49. Ne4 Bf5 50. Kc3 Rb8 51. Nf6+ Kg7 52. Kxc4 Rb2 53. Ra7 Rb8 54. Kc5 Bh3 55. Kd6 Bg2 56. Rc7 Bf1 57. Ke7 Bb5 58. Ra7 Bc6 59. Kd6 Bf3 60. h4 Rb7 61. Rxb7 Bxb7 62. Kd7 Bf3 63. Ke7 Bc6 64. Ng4 Be4 65. Nh6 1-0

[Event "FIDE WCCC Girls-10 2024"]
[Site "Montesilvano"]
[Date "2024.11.20"]
[Round "6.20"]
[White "Sobirova, Mumtozbegim"]
[Black "Malcheva, Niya"]
[Result "0-1"]
[Annotator "NA RC"]
[ECO "B13"]
[WhiteElo "1476"]
[BlackElo "1620"]
[PlyCount "78"]
[EventDate "2024.11.18"]
[EventType "swiss"]
[EventCountry "ITA"]
[SourceTitle "playchess.com"]
[Source "ChessBase"]
[SourceQuality "1"]
[TimeControl "5400+30"]

1. e4 c6 2. d4 d5 3. exd5 cxd5 4. Bd3 Nc6 5. c3 Nf6 6. Nf3 Bg4 7. Nbd2 Rc8 8. O-O e6 9. Re1 Be7 10. Nf1 O-O 11. Ng3 Bd6 12. h3 Bxg3 13. fxg3 Bh5 14. g4 Bg6 15. Bxg6 hxg6 16. Bg5 Qd6 17. Ne5 Ne4 18. Bf4 Nxe5 19. dxe5 Qb6+ 20. Be3 Qxb2 21. Bd4 Nxc3 22. Qd3 Qb5 23. Qe3 Ne4 24. Rec1 b6 25. Rxc8 Rxc8 26. Rc1 Rc4 27. Qe1 Qc6 28. Be3 Rxc1 29. Bxc1 Qc3 30. Qf1 Ng3 31. Qf2 Qxc1+ 32. Kh2 Ne4 33. Qh4 Qf4+ 34. Kg1 Qe3+ 35. Kh2 g5 36. Qh5 Ng3 37. Qxg5 Nf1+ 38. Kh1 Qxg5 39. Kg1 Nd2 0-1

[Event "FIDE WCCC Girls-10 2024"]
[Site "Montesilvano"]
[Date "2024.11.20"]
[Round "6.21"]
[White "Macchia-Shahar, Yali"]
[Black "Shtepa, Liubov"]
[Result "0-1"]
[Annotator "NA RC"]
[ECO "C76"]
[WhiteElo "1564"]
[BlackElo "1615"]
[PlyCount "76"]
[EventDate "2024.11.18"]
[EventType "swiss"]
[EventCountry "ITA"]
[SourceTitle "playchess.com"]
[Source "ChessBase"]
[SourceQuality "1"]
[TimeControl "5400+30"]

1. e4 e5 2. Nf3 Nc6 3. Bb5 a6 4. Ba4 d6 5. c3 Bd7 6. O-O g6 7. d4 Bg7 8. d5 Nce7 9. Bc2 Nf6 10. Re1 O-O 11. Nbd2 Ne8 12. Nf1 f5 13. exf5 Nxf5 14. Ne3 Nxe3 15. Rxe3 Bh6 16. Re4 Bxc1 17. Qxc1 Nf6 18. Rh4 Ng4 19. Ng5 h6 20. Nf3 g5 21. Rh3 Qf6 22. Rg3 Rae8 23. h3 Nxf2 24. Qf1 e4 25. Qxf2 exf3 26. h4 Re2 27. hxg5 hxg5 28. Qxf3 Qxf3 29. Rxg5+ Kh8 30. gxf3 Rxc2 31. Re1 Rg8 32. Rxg8+ Kxg8 33. Re7 Bb5 34. Rxc7 Rxb2 35. Rxb7 Rxa2 36. Rb8+ Kf7 37. Rb7+ Kf6 38. Rc7 Rc2 0-1

[Event "FIDE WCCC Girls-10 2024"]
[Site "Montesilvano"]
[Date "2024.11.20"]
[Round "6.22"]
[White "Macakova, Bianka"]
[Black "Bjerregaard Hagen, Frida"]
[Result "0-1"]
[Annotator "NA RC"]
[ECO "C01"]
[WhiteElo "1610"]
[BlackElo "1815"]
[PlyCount "129"]
[EventDate "2024.11.18"]
[EventType "swiss"]
[EventCountry "ITA"]
[SourceTitle "playchess.com"]
[Source "ChessBase"]
[SourceQuality "1"]
[TimeControl "5400+30"]

1. e4 e6 2. d4 d5 3. exd5 exd5 4. Nc3 Nf6 5. Bg5 Be7 6. Bd3 Nc6 7. Nge2 Nb4 8. Qd2 {[%emt 0:09:45] C01: French: Exchange Variation.} Nxd3+ 9. Qxd3 Bg4 10. O-O-O Qd7 11. f3 Bf5 12. Qd2 O-O-O 13. Ng3 Bg6 14. Rhe1 h6 15. Bf4 Rhe8 16. Re2 Bd6 17. Bxd6 Qxd6 18. Rde1 Qd7 19. Re5 Rxe5 20. Rxe5 Re8 21. Qe2 Rxe5 22. Qxe5 Qe6 23. Qxe6+ fxe6 24. Kd2 Kd7 25. Nge2 c6 26. Nf4 Bf7 27. Nd3 Kd6 28. Ne5 Be8 29. Nd3 g5 30. Ke3 g4 31. f4 h5 32. g3 Ng8 33. b4 Nh6 34. Nc5 Nf5+ 35. Kd3 b6 36. Nb3 Bg6 37. Ke2 h4 38. gxh4 Nxh4 39. Kf2 Nf5 40. Ne2 Ke7 41. c3 Kf6 42. Nec1 Nd6 43. Ne2 Bd3 44. Ke3 Bxe2 45. Kxe2 Ne4 46. Kf1 Kf5 47. c4 dxc4 48. Nc1 Kxf4 49. a4 Nc3 50. a5 Kf3 51. axb6 axb6 52. Ke1 Nd5 53. Na2 Kg2 54. Nc1 Nxb4 55. Kd2 Nd5 56. Ne2 c3+ 57. Kd1 Kxh2 58. Ke1 Kg2 59. Nc1 Kf3 60. Kf1 Ke3 61. Ne2 c2 62. Ke1 g3 63. Kf1 Nc3 64. Nc1 Kd2 65. Nb3+ 0-1

[Event "FIDE WCCC Girls-10 2024"]
[Site "Montesilvano"]
[Date "2024.11.20"]
[Round "6.23"]
[White "Tykalova, Barbora"]
[Black "Rzadkowska, Lila"]
[Result "0-1"]
[Annotator "NA RC"]
[ECO "B40"]
[WhiteElo "1596"]
[BlackElo "1765"]
[PlyCount "80"]
[EventDate "2024.11.18"]
[EventType "swiss"]
[EventCountry "ITA"]
[SourceTitle "playchess.com"]
[Source "ChessBase"]
[SourceQuality "1"]
[TimeControl "5400+30"]

1. e4 c5 2. Nf3 e6 3. b3 Nc6 4. Bb2 a6 5. g3 d5 6. exd5 exd5 7. Qe2+ Be6 8. Bg2 d4 9. O-O Be7 10. Ne5 Rc8 11. Nxc6 bxc6 12. Qxa6 Bd5 13. Bh3 Ra8 14. Qe2 Nf6 15. Re1 h5 16. Ba3 Qd6 17. Qe5 Qxe5 18. Rxe5 Kd8 19. Bg2 d3 20. cxd3 Ng4 21. Rxe7 Kxe7 22. Bxd5 cxd5 23. Bxc5+ Kd7 24. Nc3 Kc6 25. Bd4 f6 26. Rc1 Rhc8 27. a4 Ne5 28. Bxe5 fxe5 29. Re1 Re8 30. Nb5 Kb6 31. Nd6 Re6 32. Nf5 g6 33. Nd4 Ree8 34. Nb5 Rad8 35. Nc3 Kc5 36. Nb5 Kb4 37. Rb1 Re7 38. Kf1 Rf7 39. d4 Rdf8 40. f4 exf4 0-1

[Event "FIDE WCCC Girls-10 2024"]
[Site "Montesilvano"]
[Date "2024.11.20"]
[Round "6.24"]
[White "Bakhshi, Rana"]
[Black "Saltkhutsishvili, Sara"]
[Result "1-0"]
[Annotator "NA RC"]
[ECO "D35"]
[WhiteElo "1727"]
[BlackElo "1546"]
[PlyCount "83"]
[EventDate "2024.11.18"]
[EventType "swiss"]
[EventCountry "ITA"]
[SourceTitle "playchess.com"]
[Source "ChessBase"]
[SourceQuality "1"]
[TimeControl "5400+30"]

1. d4 d5 2. c4 e6 3. Nc3 Be7 4. cxd5 exd5 5. Bf4 c6 6. e3 Nf6 7. Bd3 O-O 8. Nge2 Nbd7 9. O-O Re8 10. f3 Nh5 11. Bg3 Bh4 12. e4 Nb6 13. e5 c5 14. Bc2 Be7 15. f4 Nxg3 16. Nxg3 Nc4 17. Qd3 g6 18. b3 Na5 19. f5 Nc6 20. fxg6 fxg6 21. Nce2 cxd4 22. e6 Bxe6 23. Nf4 Bf7 24. Qf3 Ne5 25. Qf2 d3 26. Nxd3 Nxd3 27. Qxf7+ Kh8 28. Bxd3 Qd7 29. Nh5 Bc5+ 30. Kh1 Qxf7 31. Rxf7 gxh5 32. Rxh7+ Kg8 33. Rxh5 Rad8 34. Rf1 Re3 35. Rg5+ Kh8 36. Bb1 Rf8 37. Bf5 Re2 38. g3 Rxa2 39. Rf4 Ra1+ 40. Kg2 Ra2+ 41. Kh3 Rxf5 42. Rh4# 1-0

[Event "FIDE WCCC Girls-10 2024"]
[Site "Montesilvano"]
[Date "2024.11.20"]
[Round "6.25"]
[White "Tu, Tiffany"]
[Black "Abibulla, Inzhu"]
[Result "1/2-1/2"]
[Annotator "NA RC"]
[ECO "B12"]
[WhiteElo "1687"]
[BlackElo "1499"]
[PlyCount "136"]
[EventDate "2024.11.18"]
[EventType "swiss"]
[EventCountry "ITA"]
[SourceTitle "playchess.com"]
[Source "ChessBase"]
[SourceQuality "1"]
[TimeControl "5400+30"]

1. e4 c6 2. d4 d5 3. f3 dxe4 4. fxe4 Nf6 5. Nc3 Bg4 6. Be2 Bxe2 7. Ngxe2 e6 8. O-O h6 9. Ng3 Be7 10. Kh1 Nbd7 11. Qf3 e5 12. dxe5 Nxe5 13. Qe2 O-O 14. Bf4 Ng6 15. Be3 Qc7 16. Nf5 Kh7 17. Rad1 b6 18. Qf3 Rad8 19. Qh3 Ng8 20. g4 f6 21. Nd4 Qc8 22. Nf5 Rxd1 23. Rxd1 Qc7 24. Qg2 Rd8 25. Rxd8 Qxd8 26. h3 Bb4 27. Qd2 Qc7 28. a3 Be7 29. Ne2 Qe5 30. Nc3 Qc7 31. Qh2 Qxh2+ 32. Kxh2 Ne5 33. Kg3 Nc4 34. Bc1 Bc5 35. b4 Be7 36. Ne2 g6 37. Nxe7 Nxe7 38. Nd4 Kg7 39. h4 Kf7 40. a4 a6 41. Bxh6 Na3 42. Bc1 Nc4 43. Kf4 c5 44. bxc5 bxc5 45. Nb3 Nb6 46. Nxc5 Nc6 47. Nxa6 Nxa4 48. Bd2 Nd4 49. Nb4 Nb2 50. Ke3 Ne6 51. Nd5 Nc4+ 52. Kd3 Ne5+ 53. Ke3 Nxg4+ 54. Kf3 Ne5+ 55. Kg3 Nd4 56. Ne3 Ke6 57. Kf2 Ndf3 58. Bc3 Nxh4 59. Bxe5 Kxe5 60. Ng4+ Kxe4 61. Nxf6+ Kd4 62. Ke2 Kc3 63. Kd1 Nf3 64. Ne4+ Kd4 65. Nd2 Nxd2 66. Kxd2 g5 67. Ke2 g4 68. Kf2 Ke5 1/2-1/2

[Event "FIDE WCCC Girls-10 2024"]
[Site "Montesilvano"]
[Date "2024.11.20"]
[Round "6.26"]
[White "Stoica, Melina-Theodora"]
[Black "Milojevic, Dunja"]
[Result "1-0"]
[Annotator "NA RC"]
[ECO "E16"]
[WhiteElo "1675"]
[BlackElo "1610"]
[PlyCount "123"]
[EventDate "2024.11.18"]
[EventType "swiss"]
[EventCountry "ITA"]
[SourceTitle "playchess.com"]
[Source "ChessBase"]
[SourceQuality "1"]
[TimeControl "5400+30"]

1. d4 Nf6 2. Nf3 e6 3. c4 Bb4+ 4. Nbd2 b6 5. g3 Bb7 6. Bg2 O-O 7. O-O c5 8. e3 Bxd2 9. Bxd2 d6 10. Bc3 Nbd7 11. b3 Ne4 12. Bb2 Qc7 13. Qc2 Rac8 14. Rfd1 Ndf6 15. Nd2 Nxf2 16. Bxb7 Qxb7 17. Kxf2 Ng4+ 18. Ke2 Qg2+ 19. Kd3 cxd4 20. Bxd4 d5 21. Rg1 dxc4+ 22. Nxc4 Qd5 23. Qg2 Qb5 24. h3 Nh6 25. g4 Rfd8 26. Ke2 Qb4 27. Kf3 b5 28. Qd2 Qe7 29. g5 Nf5 30. Ne5 Qc7 31. Rac1 Qb7+ 32. Kf2 Nd6 33. Ke2 Ne4 34. Qb2 Rxc1 35. Qxc1 Nd6 36. Qc6 Qb8 37. Nd7 Qb7 38. Qxb7 Nxb7 39. Nc5 Nd6 40. Rc1 Nf5 41. Nb7 Nxd4+ 42. exd4 Rb8 43. Rc7 g6 44. Nd6 a6 45. Nxf7 Rf8 46. Nd6 Rf4 47. Rc8+ Kg7 48. Rc7+ Kg8 49. Ne8 Rxd4 50. Nf6+ Kf8 51. Nxh7+ Ke8 52. Nf6+ Kd8 53. Rg7 Rh4 54. Rxg6 Rxh3 55. Rh6 Rg3 56. g6 Ke7 57. Ne4 Rg1 58. Rh7+ Kf8 59. Rf7+ Ke8 60. Nf6+ Kd8 61. g7 Rg2+ 62. Kf3 1-0

[Event "FIDE WCCC Girls-10 2024"]
[Site "Montesilvano"]
[Date "2024.11.20"]
[Round "6.27"]
[White "Guerra Mansilla, Maria Ignacia"]
[Black "Trzcinska, Weronika"]
[Result "0-1"]
[Annotator "NA RC"]
[ECO "A29"]
[WhiteElo "1545"]
[BlackElo "1653"]
[PlyCount "52"]
[EventDate "2024.11.18"]
[EventType "swiss"]
[EventCountry "ITA"]
[SourceTitle "playchess.com"]
[Source "ChessBase"]
[SourceQuality "1"]
[TimeControl "5400+30"]

1. c4 e5 2. d3 Nc6 3. Nc3 Nf6 4. a3 a5 5. Nf3 Bc5 6. g3 O-O 7. Bg2 h6 8. O-O d6 9. Bd2 Nd4 10. Nxd4 Bxd4 11. e3 Bxc3 12. Bxc3 c6 13. Qc2 Bd7 14. h3 Qc8 15. Kh2 c5 16. Rac1 Bc6 17. Qd2 Bxg2 18. Kxg2 Qc6+ 19. Kg1 Nh7 20. e4 b6 21. Qe2 Qd7 22. Bd2 Qxh3 23. Qf3 f6 24. Qf5 Qxf5 25. exf5 Ng5 26. b4 Nf3+ 0-1

[Event "FIDE WCCC Girls-10 2024"]
[Site "Montesilvano"]
[Date "2024.11.20"]
[Round "6.28"]
[White "Foong, Livia"]
[Black "Afandi, Sadagul"]
[Result "1/2-1/2"]
[Annotator "NA RC"]
[ECO "D02"]
[WhiteElo "1461"]
[BlackElo "1625"]
[PlyCount "45"]
[EventDate "2024.11.18"]
[EventType "swiss"]
[EventCountry "ITA"]
[SourceTitle "playchess.com"]
[Source "ChessBase"]
[SourceQuality "1"]
[TimeControl "5400+30"]

1. d4 d5 2. Nf3 Nf6 3. Bf4 c5 4. e3 Nc6 5. Be2 Bg4 6. Nbd2 cxd4 7. Nxd4 Bxe2 8. Nxe2 e5 9. Bg5 Be7 10. O-O O-O 11. c4 d4 12. exd4 Nxd4 13. Nxd4 Qxd4 14. Qb3 b6 15. Be3 Qd7 16. Rfd1 Ng4 17. Nf3 Qc7 18. Qc2 Nxe3 19. fxe3 Rfd8 20. Qe4 f6 21. b3 Rxd1+ 22. Rxd1 Rd8 23. Rd5 1/2-1/2

[Event "FIDE WCCC Girls-10 2024"]
[Site "Montesilvano"]
[Date "2024.11.20"]
[Round "6.29"]
[White "Rosset, Anna"]
[Black "Kocherha, Yelizavieta"]
[Result "1-0"]
[Annotator "NA RC"]
[ECO "B19"]
[WhiteElo "1814"]
[BlackElo "1523"]
[PlyCount "65"]
[EventDate "2024.11.18"]
[EventType "swiss"]
[EventCountry "ITA"]
[SourceTitle "playchess.com"]
[Source "ChessBase"]
[SourceQuality "1"]
[TimeControl "5400+30"]

1. e4 c6 2. d4 d5 3. Nc3 dxe4 4. Nxe4 Bf5 5. Ng3 Bg6 6. h4 h6 7. Nf3 Nd7 8. h5 Bh7 9. Bd3 Bxd3 10. Qxd3 e6 11. Bf4 Qa5+ 12. Bd2 Bb4 13. c3 Be7 14. Ne4 Ngf6 15. c4 Qc7 16. Nxf6+ Nxf6 17. O-O-O Rd8 18. Qe2 O-O 19. Kb1 c5 20. dxc5 Qxc5 21. Rdg1 Qf5+ 22. Ka1 Ne4 23. g4 Qh7 24. Be3 Bc5 25. g5 Bxe3 26. Qxe3 hxg5 27. Nxg5 Nxg5 28. Rxg5 Kh8 29. a3 b6 30. f4 Rd3 31. h6 Kg8 32. Qxd3 Qxd3 33. hxg7 1-0

[Event "FIDE WCCC Girls-10 2024"]
[Site "Montesilvano"]
[Date "2024.11.20"]
[Round "6.30"]
[White "Lisboa, Maria Eduarda Mazzar"]
[Black "Nguyen, Lam Vy Le"]
[Result "0-1"]
[Annotator "NA RC"]
[ECO "C70"]
[WhiteElo "1490"]
[BlackElo "1728"]
[PlyCount "153"]
[EventDate "2024.11.18"]
[EventType "swiss"]
[EventCountry "ITA"]
[SourceTitle "playchess.com"]
[Source "ChessBase"]
[SourceQuality "1"]
[TimeControl "5400+30"]

1. e4 e5 2. Nf3 Nc6 3. Bb5 a6 4. Ba4 f5 5. d3 fxe4 6. dxe4 b5 7. Bb3 Nf6 8. Nbd2 Be7 9. O-O Na5 10. Nxe5 Nxb3 11. axb3 Bb7 12. Re1 O-O 13. h3 Bc5 14. Nd3 Bb6 15. b4 d6 16. c3 Kh8 17. Kh1 Qd7 18. f3 Rae8 19. Nf1 Nh5 20. g4 Nf6 21. Be3 Bxe3 22. Rxe3 Qf7 23. Ng3 Nd7 24. Qe2 Nb6 25. Ne1 Nc4 26. Rd3 d5 27. Ng2 Qe6 28. Re1 Qf7 29. Rf1 Qg6 30. Re1 Qh6 31. h4 Qg6 32. Rd4 Qf7 33. b3 Nb6 34. Rc1 Qxf3 35. Qxf3 Rxf3 36. Kh2 dxe4 37. Re1 Rxc3 38. Nxe4 Bxe4 39. Rexe4 Rf8 40. Rf4 Kg8 41. Rxf8+ Kxf8 42. Rf4+ Ke7 43. Re4+ Kf6 44. Rf4+ Ke7 45. Re4+ Kf8 46. Rf4+ Kg8 47. Rd4 h6 48. h5 Rxb3 49. Nf4 Kf7 50. Ng6 Kf6 51. Kg2 Kg5 52. Ne5 Ra3 53. Ng6 a5 54. Rf4 axb4 55. Rxb4 c6 56. Re4 Ra4 57. Re5+ Kxg4 58. Rc5 Ra2+ 59. Kf1 Nc4 60. Rxc6 Kxh5 61. Nf4+ Kg4 62. Nd3 Rd2 63. Nb4 Kf3 64. Ke1 Rb2 65. Rxc4 bxc4 66. Nc6 c3 67. Ne5+ Ke4 68. Nc4 Kd4 69. Nd6 Kd3 70. Nf5 c2 71. Kf2 c1=Q+ 72. Kf3 Qf1+ 73. Kg4 Rb4+ 74. Kg3 Qf4+ 75. Kg2 Rb2+ 76. Kg1 Qf2+ 77. Kh1 0-1

[Event "FIDE WCCC Girls-10 2024"]
[Site "Montesilvano"]
[Date "2024.11.20"]
[Round "6.31"]
[White "Serradell Munoz, Silvia"]
[Black "Minzat, Victoria"]
[Result "1/2-1/2"]
[Annotator "NA RC"]
[ECO "C47"]
[WhiteElo "1670"]
[BlackElo "1505"]
[PlyCount "142"]
[EventDate "2024.11.18"]
[EventType "swiss"]
[EventCountry "ITA"]
[SourceTitle "playchess.com"]
[Source "ChessBase"]
[SourceQuality "1"]
[TimeControl "5400+30"]

1. e4 e5 2. Nf3 Nc6 3. Nc3 Nf6 4. h3 Bc5 5. Nxe5 Bxf2+ 6. Kxf2 Nxe5 7. d4 Nc6 8. e5 Ng8 9. Qg4 g6 10. Bg5 Nge7 11. Bf6 Rg8 12. d5 d6 13. Qa4 Qd7 14. Bxe7 Nxe7 15. Qxd7+ Bxd7 16. exd6 cxd6 17. Ne4 Nc8 18. Nf6+ Kf8 19. Nxg8 Kxg8 20. Bd3 Nb6 21. c4 Rc8 22. b3 Rf8 23. Rhf1 Nc8 24. Rae1 Kg7 25. Kg3 b6 26. Be2 h5 27. Kh4 f6 28. g4 g5+ 29. Kg3 h4+ 30. Kf2 Rf7 31. Bd3 Ne7 32. Ke2 Bc8 33. Kd2 Bd7 34. Kc3 Kg8 35. Kb4 Kg7 36. a4 a5+ 37. Ka3 Ng8 38. Bf5 Bxf5 39. Rxf5 Rd7 40. Re6 Kf7 41. b4 Kg6 42. bxa5 bxa5 43. Re8 Ne7 44. Rf1 Kf7 45. Ra8 Rc7 46. Rc1 Nxd5 47. Rxa5 Nb6 48. c5 Nd7 49. c6 Ne5 50. Ra6 Ke6 51. Rb6 d5 52. Kb3 Nc4 53. Rxc4 dxc4+ 54. Kxc4 Kd6 55. Kd4 Rc8 56. a5 Rc7 57. a6 f5 58. gxf5 g4 59. hxg4 h3 60. Rb3 Rh7 61. a7 Rxa7 62. Rxh3 Ra4+ 63. Ke3 Ra3+ 64. Kf4 Rxh3 65. f6 Kxc6 66. f7 Rh8 67. g5 Rf8 68. g6 Kd6 69. Kg5 Ke6 70. g7 Kxf7 71. gxf8=Q+ Kxf8 1/2-1/2

[Event "FIDE WCCC Girls-10 2024"]
[Site "Montesilvano"]
[Date "2024.11.20"]
[Round "6.32"]
[White "Khelfallah, Ikhlas"]
[Black "Mandukhai, Munkhbat"]
[Result "0-1"]
[Annotator "NA RC"]
[ECO "C55"]
[WhiteElo "1449"]
[BlackElo "1645"]
[PlyCount "64"]
[EventDate "2024.11.18"]
[EventType "swiss"]
[EventCountry "ITA"]
[SourceTitle "playchess.com"]
[Source "ChessBase"]
[SourceQuality "1"]
[TimeControl "5400+30"]

1. e4 e5 2. Nf3 Nc6 3. Bc4 Nf6 4. d3 h6 5. c3 d6 6. Bb3 g6 7. h3 Bg7 8. Nbd2 O-O 9. Nf1 Kh7 10. g4 Ne8 11. Bd2 Be6 12. Bc2 d5 13. Qe2 Nd6 14. O-O-O a5 15. Ng3 dxe4 16. dxe4 Bxa2 17. b3 a4 18. bxa4 Qe7 19. Kb2 Nc4+ 20. Qxc4 Bxc4 21. Ra1 Rfb8 22. Kc1 b5 23. Kd1 bxa4 24. Rxa4 Rxa4 25. Bxa4 Qa3 26. Bc2 Qa1+ 27. Bc1 Rd8+ 28. Nd2 Qxc3 29. h4 Bb3 30. Ke1 Qxc2 31. Ke2 Nd4+ 32. Ke3 Qc3# 0-1

[Event "FIDE WCCC Girls-10 2024"]
[Site "Montesilvano"]
[Date "2024.11.20"]
[Round "6.33"]
[White "Li, Wan Qin"]
[Black "Pambieri, Nicole"]
[Result "1-0"]
[Annotator "NA RC"]
[ECO "D07"]
[WhiteElo "1628"]
[BlackElo "1482"]
[PlyCount "49"]
[EventDate "2024.11.18"]
[EventType "swiss"]
[EventCountry "ITA"]
[SourceTitle "playchess.com"]
[Source "ChessBase"]
[SourceQuality "1"]
[TimeControl "5400+30"]

1. Nf3 Nc6 2. d4 d5 3. c4 e6 4. Bf4 Nf6 5. Nc3 Be7 6. e3 O-O 7. a3 a5 8. Bd3 Bd7 9. cxd5 Nxd5 10. Nxd5 exd5 11. Qb3 Bc8 12. O-O Rb8 13. Rac1 Be6 14. Rfd1 Bd6 15. Ng5 Bxf4 16. Bxh7+ Kh8 17. exf4 Bg4 18. Qg3 Bxd1 19. Qh4 Bh5 20. Qxh5 g6 21. Bxg6+ Kg7 22. Qh7+ Kf6 23. Bxf7 Ne7 24. Qh6+ Kf5 25. Qe6+ 1-0

[Event "FIDE WCCC Girls-10 2024"]
[Site "Montesilvano"]
[Date "2024.11.20"]
[Round "6.34"]
[White "Xin, Lisa J."]
[Black "Babii, Oriiana"]
[Result "1-0"]
[Annotator "NA RC"]
[ECO "D04"]
[WhiteElo "1602"]
[BlackElo "1481"]
[PlyCount "76"]
[EventDate "2024.11.18"]
[EventType "swiss"]
[EventCountry "ITA"]
[SourceTitle "playchess.com"]
[Source "ChessBase"]
[SourceQuality "1"]
[TimeControl "5400+30"]

1. d4 d5 2. Nf3 Nf6 3. e3 c5 4. b3 cxd4 5. exd4 Nc6 6. Bb2 Bg4 7. Nbd2 e6 8. a3 Be7 9. Bd3 O-O 10. O-O Qb6 11. Re1 Bd6 12. c4 Bf4 13. b4 Rac8 14. c5 Qc7 15. Qc2 Bxd2 16. Nxd2 Qf4 17. g3 Qc7 18. b5 Ne7 19. a4 Bh3 20. Nf3 Nf5 21. Ne5 Qd8 22. Qe2 Qa5 23. Rec1 Ne4 24. Bxe4 dxe4 25. Bc3 Qd8 26. Qxe4 Qg5 27. Rd1 h5 28. Qxb7 Rcd8 29. Bd2 Qf6 30. Bc3 Qg5 31. Bd2 Qf6 32. Bf4 Nxd4 33. Nd7 Rxd7 34. Qxd7 Ne2+ 35. Kh1 g5 36. Qd3 Nxf4 37. gxf4 Qxf4 38. Qxh3 e5 1-0

[Event "FIDE WCCC Girls-10 2024"]
[Site "Montesilvano"]
[Date "2024.11.20"]
[Round "6.35"]
[White "Gastaldo, Agathe"]
[Black "Mamarasulova, Yasmina"]
[Result "1/2-1/2"]
[Annotator "NA RC"]
[ECO "B34"]
[WhiteElo "1589"]
[BlackElo "1444"]
[PlyCount "26"]
[EventDate "2024.11.18"]
[EventType "swiss"]
[EventCountry "ITA"]
[SourceTitle "playchess.com"]
[Source "ChessBase"]
[SourceQuality "1"]
[TimeControl "5400+30"]

1. e4 c5 2. Nf3 Nc6 3. d4 cxd4 4. Nxd4 g6 5. Nc3 Bg7 6. Be3 Nf6 7. Nxc6 bxc6 8. e5 Ng8 9. f4 Nh6 10. h3 Nf5 11. Bf2 h5 12. Qd2 Qc7 13. O-O-O Rb8 1/2-1/2

[Event "FIDE WCCC Girls-10 2024"]
[Site "Montesilvano"]
[Date "2024.11.20"]
[Round "6.36"]
[White "Minasyan, Arina"]
[Black "Vitsiuk, Aleksandra"]
[Result "1-0"]
[Annotator "NA RC"]
[ECO "D32"]
[WhiteElo "1545"]
[BlackElo "1476"]
[PlyCount "127"]
[EventDate "2024.11.18"]
[EventType "swiss"]
[EventCountry "ITA"]
[SourceTitle "playchess.com"]
[Source "ChessBase"]
[SourceQuality "1"]
[TimeControl "5400+30"]

1. d4 d5 2. Nf3 Nf6 3. c4 e6 4. Nc3 c5 5. dxc5 Bxc5 6. cxd5 exd5 7. e3 O-O 8. Bd3 Nc6 9. O-O Bg4 10. h3 Bxf3 11. Qxf3 Ne5 12. Qf5 Nxd3 13. Qxd3 Qd7 14. a3 d4 15. Rd1 dxe3 16. Qxd7 exf2+ 17. Kf1 Nxd7 18. Rxd7 Rfd8 19. Rxd8+ Rxd8 20. Bf4 h6 21. Rd1 Re8 22. Bg3 Re6 23. Bxf2 Bxf2 24. Kxf2 Rb6 25. Rd2 Rf6+ 26. Ke1 Kf8 27. Rc2 Re6+ 28. Re2 Rc6 29. Kd2 Rd6+ 30. Kc2 Rc6 31. Kd3 Rd6+ 32. Kc4 Rc6+ 33. Kd5 Rg6 34. g4 Rg5+ 35. Re5 Rg6 36. Nb5 Ra6 37. b4 g5 38. Rf5 Ke7 39. Re5+ Kd7 40. Re3 f6 41. Kc4 Rc6+ 42. Kd4 a6 43. Nc3 b5 44. Nd5 Rd6 45. Re7+ Kd8 46. Rh7 Rc6 47. Rxh6 Rc4+ 48. Kd3 Rc1 49. Rxf6 Rd1+ 50. Ke4 Re1+ 51. Kf5 Rh1 52. Rh6 Ra1 53. Kxg5 Rxa3 54. Kf5 a5 55. bxa5 Rxa5 56. Nb4 Ra4 57. g5 Rxb4 58. g6 Rb1 59. g7 Rf1+ 60. Kg6 Ke7 61. g8=Q Rg1+ 62. Kh7 Rxg8 63. Kxg8 Kd7 64. Rb6 1-0

[Event "FIDE WCCC Girls-10 2024"]
[Site "Montesilvano"]
[Date "2024.11.20"]
[Round "6.37"]
[White "Smilic, Nina"]
[Black "Muradli, Sabira"]
[Result "1/2-1/2"]
[Annotator "NA RC"]
[ECO "D12"]
[WhiteElo "1540"]
[BlackElo "1430"]
[PlyCount "66"]
[EventDate "2024.11.18"]
[EventType "swiss"]
[EventCountry "ITA"]
[SourceTitle "playchess.com"]
[Source "ChessBase"]
[SourceQuality "1"]
[TimeControl "5400+30"]

1. d4 d5 2. c4 c6 3. Nf3 Nf6 4. Nc3 Bf5 5. e3 e6 6. Be2 Bb4 7. O-O Bxc3 8. bxc3 Ne4 9. Qb3 Qc7 10. Rd1 O-O 11. Nh4 Bg6 12. Ba3 Nd6 13. Nxg6 hxg6 14. Rab1 b6 15. c5 bxc5 16. Bxc5 Nd7 17. Ba3 Rfe8 18. c4 dxc4 19. Bxc4 Nxc4 20. Qxc4 Nb6 21. Qc2 Rac8 22. Rdc1 Nd5 23. Qd2 e5 24. Rc5 exd4 25. Qxd4 Rcd8 26. Qc4 Qe7 27. Qc1 Qe4 28. Rxc6 Rb8 29. Rxb8 Rxb8 30. Rc8+ Rxc8 31. Qxc8+ Kh7 32. Qc1 Qd3 33. Bb2 Nb4 1/2-1/2

[Event "FIDE WCCC Girls-10 2024"]
[Site "Montesilvano"]
[Date "2024.11.20"]
[Round "6.38"]
[White "Li, Grace"]
[Black "Ritinioti, Sofia"]
[Result "1-0"]
[Annotator "NA RC"]
[ECO "B07"]
[WhiteElo "1529"]
[BlackElo "1534"]
[PlyCount "87"]
[EventDate "2024.11.18"]
[EventType "swiss"]
[EventCountry "ITA"]
[SourceTitle "playchess.com"]
[Source "ChessBase"]
[SourceQuality "1"]
[TimeControl "5400+30"]

1. e4 d6 2. d4 Nf6 3. Nc3 g6 4. Bg5 Bg7 5. Qd2 h6 6. Bf4 g5 7. Be3 Ng4 8. h4 Nxe3 9. Qxe3 gxh4 10. Rxh4 Bxd4 11. Qd2 Bg7 12. Nf3 c6 13. O-O-O b5 14. e5 d5 15. Ne4 a5 16. g4 Qc7 17. Ng3 Bxe5 18. Nxe5 Qxe5 19. g5 hxg5 20. Rxh8+ Qxh8 21. Qxg5 Qf8 22. Re1 f6 23. Qh5+ Kd8 24. Bh3 Nd7 25. Nf5 e5 26. Rg1 Nc5 27. Qh7 Bxf5 28. Bxf5 Ra6 29. Rg8 Qxg8 30. Qxg8+ Kc7 31. Qf7+ Kb6 32. Qxf6 b4 33. Qxe5 Ra8 34. Qf6 Re8 35. b3 Re1+ 36. Kb2 a4 37. a3 bxa3+ 38. Kxa3 axb3 39. cxb3 Re8 40. Qd4 Kb5 41. b4 Ra8+ 42. Kb2 Na4+ 43. Kc2 Rf8 44. Bd3# 1-0